AoeStats
← Foster

Arabian Desert

509022594Analyzed
1v1 RM · 7d ago on Sep 25, 2026· 55m 18s· 2 players
Game mode
Random Map
Map size
Tiny (2 player)
Population
200
Speed
Normal
Resources
Standard
Victory
Conquest
Starting age
Dark Age
Ending age
Imperial Age
RankedLock teamsTeams togetherTeam positionsShared explorationLock speedFull tech treeHidden civsTurbo modeCheats
Victory
Defeat
🇦🇷 Lithuanians · Argentina
810
+16
🇺🇸 Lithuanians · United States
815
-16
martinluis2011
6:51 Loom
13:14 Feudal Age
18:45 Castle Age
18:05 Horse Collar
18:13 Double-Bit Axe
18:57 Gold Mining
22:38 Stone Mining
23:06 Town Watch
28:35 Fletching
28:42 Treadmill Crane
30:24 Ballistics
30:00 Murder Holes
31:38 Bodkin Arrow
32:18 Bow Saw
32:48 Forging
34:32 Scale Barding Armor
34:39 Hill Forts
35:49 Wheelbarrow
36:23 Heavy Plow
40:23 Imperial Age
39:06 Hand Cart
39:28 Town Patrol
42:37 Conscription
43:55 Two-Man Saw
45:40 Chain Barding Armor
45:56 Iron Casting
47:05 Plate Barding Armor
47:36 Husbandry
47:47 Bloodlines
46:58 Light Cavalry
48:40 Stone Shaft Mining
47:50 Elite Leitis
48:46 Winged Hussar
Foster
11:48 Feudal Age
10:05 Loom
13:34 Bloodlines
21:31 Castle Age
19:04 Man-at-Arms
23:12 Husbandry
27:36 Double-Bit Axe
30:25 Light Cavalry
30:40 Pikeman
31:20 Squires
31:51 Forging
31:47 Scale Barding Armor
31:44 Scale Mail Armor
39:04 Imperial Age
37:11 Wheelbarrow
36:21 Town Watch
38:54 Iron Casting
38:40 Chain Barding Armor
39:35 Sanctity
48:05 Gold Mining
Connection lost

Rejoining the realm…

Still unreachable

The connection could not be restored.

Session expired

The server has moved on; the page needs a fresh start.